 Dungeon Crawl Stone Soup version 0.26-a0-812-g31a745ddcd (webtiles) character file.

Game seed: 1508737404372462347

119 night the Sneak (level 4, 0/35 HPs)
             Began as a Demonspawn Delver on Dec 2, 2020.
             Succumbed to an adder's poison
             ... on level 2 of the Dungeon.
             The game lasted 00:06:17 (2650 turns).

night the Sneak (Demonspawn Delver)                 Turns: 2650, Time: 00:06:18

Health: 0/35       AC:  3    Str: 13    XL:     4   Next: 73%
Magic:  4/4        EV: 11    Int: 12    God:
Gold:   117        SH:  4    Dex: 14    Spells: 3/3 levels left

rFire    . . .     SeeInvis .     - Unarmed
rCold    . . .     Faith    .   q - +0 buckler
rNeg     . . .     Spirit   +   a - +0 leather armour
rPois    .         Reflect  .   (no helmet)
rElec    .         Harm     .   (no cloak)
rCorr    .         Rampage  .   (no gloves)
MR       .....                  (no boots)
Stlth    ++........             (no amulet)
HPRegen  0.11/turn              (no ring)
MPRegen  0.18/turn              (no ring)

@: lethally poisoned (0 -> -6), flying, hasted, very quick
A: magic shield, magic regeneration
a: no special abilities


You were on level 2 of the Dungeon.
You visited 1 branch of the dungeon, and saw 5 of its levels.

You collected 117 gold pieces.

Inventory:

Missiles
 g - 33 bolts
 i - 3 javelins
 k - 99 stones
 m - 14 poisoned darts (quivered)
 p - 44 sling bullets
Armour
 a - a +0 leather armour (worn)
 q - a +0 buckler (worn)
Jewellery
 l - an uncursed ring of see invisible
Wands
 f - a wand of digging (3)
Scrolls
 b - 2 scrolls of fog
 c - 3 scrolls of magic mapping
 d - a scroll of fear
 o - a scroll of random uselessness


   Skills:
 - Level 3.0 Fighting
 - Level 1.7 Dodging
 - Level 4.5 Stealth
 + Level 0.8 Shields
 * Level 4.4 Unarmed Combat


You had 3 spell levels left.
You didn't know any spells.
Your spell library was empty.

Dungeon Overview and Level Annotations

Branches:
Dungeon (5/15)
 Temple: D:4-7

Altars:
Okawaru
Trog

Annotations:
D:2 1 exclusion


Innate Abilities, Weirdness & Mutations

When hurt, damage is shared between your health and your magic reserves.
You regenerate magic rapidly.


Message History

The adder is severely wounded.
* * * LOW HITPOINT WARNING * * *
You feel sick. The adder barely misses you.
You closely miss the adder.
The adder is severely wounded.
The adder bites you but does no damage.
You hit the adder but do no damage.
The adder is severely wounded.
* * * LOW HITPOINT WARNING * * *
You feel sick. The adder bites you.
* * * LOW HITPOINT WARNING * * *
You closely miss the adder.
The adder is severely wounded.
You hit the adder.
The adder is almost dead.
* * * LOW HITPOINT WARNING * * *
You feel sick. You block the adder's attack.
You punch the adder!
You kill the adder!
You die...

#........# #####
#.###.#### ....# #.# #.#
....# #.# #.# ....# #.#
#.# ....# #.# #.####
....# #.# #....#
....###########.#####.##
...............>@..##.#
#########.###.#.##....#
.....# #.# #.#.##.##.#
.....# #.# #.####.##.#
..<..####.###.####.##.#
...................#..#
......###.###.######.##
......###.###.# #.#
#.<...........# #.#


There were no monsters in sight!

Vanquished Creatures
  7 adders (D:2)
  An ooze (D:1)
  4 bats
  A giant cockroach (D:2)
  6 goblins
  5 hobgoblins
  6 jackals (D:2)
  7 kobolds
  A quokka (D:2)
  A ball python (D:1)
  4 frilled lizards
  10 rats
53 creatures vanquished.

Vanquished Creatures (others)
  A leopard gecko (D:4)
  2 fungi (D:4)
3 creatures vanquished.

Grand Total: 56 creatures vanquished

Notes
Turn   | Place    | Note
-------+----------+-------------------------------------------
     0 | D:5      | night the Demonspawn Delver began the quest for the Orb.
     0 | D:5      | Reached XP level 1. HP: 18/18 MP: 1/1
    18 | D:5      | Noticed an orc wizard
    41 | D:4      | Noticed a howler monkey
    97 | D:3      | Reached skill level 2 in Unarmed Combat
   245 | D:2      | Gained mutation: When hurt, damage is shared between your
                  | health and your magic reserves. [demonic ancestry]
   245 | D:2      | Reached XP level 2. HP: 16/24 MP: 2/2
   532 | D:2      | Gained mutation: You regenerate magic rapidly. [demonic
                  | ancestry]
   532 | D:2      | Reached XP level 3. HP: 26/29 MP: 1/3
  1656 | D:2      | Found a bloodstained altar of Trog.
  1671 | D:2      | Reached XP level 4. HP: 35/35 MP: 4/4
  1873 | D:2      | HP: 5/35 [poisoned by an adder]
  2350 | D:2      | Found an iron altar of Okawaru.
  2642 | D:2      | HP: 5/35 [adder (1)]
  2646 | D:2      | HP: 2/35 [adder (1)]
  2650 | D:2      | Succumbed to an adder's poison

Illustrated notes

Levels and vault maps discovered:
D:1:      giann_horns, layout_loops_ring
D:2:      layout_basic, bloody_trog, kennysheep_okawaru_gauntlet
D:3:      layout_basic
D:4:      layout_rooms, xom_confusion_cloud, grunt_gozag_breadcrumbs,
          serial_aquarium, aquarium_bridge_square [aquarium_subvault_bridge,
          aquarium_subvault_wall, aquarium_subvault_wall,
          aquarium_subvault_bridge], aquarium_window_corridor_2,
          aquarium_window_fake, aquarium_view_2e, aquarium_balcony_1b,
          biasface_ghost_orc_armoury, gup_ossuary_entry_pyramid,
          hangedman_glass_teeth, dk_noncrumbling_3
D:5:      layout_loops_ring, minmay_temple_entry_butterflies, uniq_edmund,
          uniq_duvessa, uniq_grinder

Skill      XL: |  1  2  3  4 |
---------------+-------------+-----
Unarmed Combat | 2 3 4 |  4.4
Fighting       | |  3.0
Dodging        | |  1.7
Stealth        | |  4.5
Shields        | |  0.8

Action                   |  1- 3 |  4- 6 || total
-------------------------+-------+-------++-------
Melee: Unarmed           |   125 |    81 ||   206
       Punch             |     2 |       ||     2
Throw: Javelin           |     1 |     6 ||     7
       Dart              |       |    15 ||    15
  Use: Potion            |       |     4 ||     4
       Scroll            |       |     3 ||     3
 Stab: Sleeping          |     8 |     3 ||    11
Armor: Leather armour    |    20 |    30 ||    50
Dodge: Dodged            |    74 |    69 ||   143
Block: Buckler           |       |    20 ||    20

Table legend: (Time is in decaauts)
 A = Elapsed time spent in this place.
 B = Non-inter-level travel time spent in this place.
 C = Inter-level travel time spent in this place.
 D = Time resting spent in this place.
 E = Time spent auto-exploring this place.
 F = Levels seen in this place.
 G = Mean time per level.
                   A        B        C        D        E       F      G
               +--------+--------+--------+--------+--------+-----+--------+
         Total |   2638 |   2580 |     58 |    641 |   1258 |   5 |  527.6 |
       Dungeon |   2638 |   2580 |     58 |    641 |   1258 |   5 |  527.6 |
               +--------+--------+--------+--------+--------+-----+--------+

Top non-repeatable levels by time:
     D:2: 1505 daAuts
     D:1: 874 daAuts
     D:3: 214 daAuts
     D:4: 25 daAuts
     D:5: 20 daAuts
